 Dungeon Crawl Stone Soup version 0.22.1-2-g9c5b331 (webtiles) character file.

5345 dohliylev the Covert (level 10, -6/76 HPs)
             Began as a Vampire Enchanter on Nov 11, 2018.
             Was a Priest of Nemelex Xobeh.
             Killed from afar by a gargoyle (30 damage)
             ... with a stone arrow
             ... on level 9 of the Dungeon on Nov 30, 2018.
             The game lasted 00:46:56 (8399 turns).

dohliylev the Covert (Vampire Enchanter)            Turns: 8399, Time: 00:46:57

Health: -6/76      AC:  5    Str: 10    XL:     10   Next: 38%
Magic:  2/17       EV: 17    Int: 21    God:    Nemelex Xobeh [***...]
Gold:   312        SH:  6    Dex: 15    Spells: 13/19 levels left

rFire    + . .     SeeInvis +   x - +3 dagger (vamp)
rCold    . . .     Gourm    .   (no shield)
rNeg     . . .     Faith    .   b - +0 robe
rPois    .         Spirit   .   c - +0 helmet
rElec    .         Reflect  +   F - +0 cloak
rCorr    .         Harm     .   y - +0 pair of gloves "Depugumn" {+Blink rF+ Str+3}
MR       +....                  (no boots)
Stlth    ++++++....             p - +6 amulet of reflection
HPRegen  0.42/turn              J - ring of stealth
MPRegen  0.15/turn              s - ring of stealth

@: regenerating quickly
A: fangs 3, see invisible, unbreathing
a: Triple Draw, Renounce Religion, Evoke Blink


You were on level 9 of the Dungeon.
You worshipped Nemelex Xobeh.
Nemelex Xobeh was most pleased with you.
You were almost alive.

You visited 2 branches of the dungeon, and saw 10 of its levels.
You also visited: Bailey.

You collected 312 gold pieces.

Inventory:

Hand Weapons
 x - a +3 vampiric dagger (weapon)
Armour
 b - a +0 robe (worn)
 c - a +0 helmet (worn)
 y - the +0 pair of gloves "Depugumn" (worn) {+Blink rF+ Str+3}
   (You found it on level 5 of the Dungeon)

   It affects your strength (+3).
   It protects you from fire.
   It lets you blink.
 F - a +0 cloak (worn)
Jewellery
 k - an uncursed ring of poison resistance
 p - a +6 amulet of reflection (around neck)
 s - a ring of stealth (right hand)
 u - an uncursed ring of protection from magic
 C - an uncursed ring of positive energy
 J - a ring of stealth (left hand)
Wands
 r - a wand of flame (30)
 v - a wand of paralysis (24)
 w - a wand of enslavement (8)
 A - a wand of iceblast (14)
 I - a wand of disintegration (18)
 K - a wand of acid (4)
Scrolls
 a - 3 scrolls of teleportation
 g - 2 scrolls of enchant armour
 i - a scroll of enchant weapon
 l - 6 scrolls of remove curse
 q - 4 scrolls of fog
 t - 2 scrolls of identify
 M - 2 scrolls of blinking {unknown}
Potions
 d - 9 potions of blood
 e - a potion of ambrosia
 f - a potion of brilliance {unknown}
 h - 3 potions of berserk rage {unknown}
 j - 7 potions of curing {unknown}
 m - 8 potions of flight
 o - 2 potions of lignification {unknown}
 z - 2 potions of magic {unknown}
 B - a potion of invisibility {unknown}
 E - a potion of mutation {unknown}
 G - 4 potions of heal wounds
 H - a potion of agility {unknown}
 N - a potion of degeneration {unknown}
Miscellaneous
 n - a legendary deck of destruction
 D - a plain deck of destruction {drawn: 3}
 L - a plain deck of destruction


   Skills:
 - Level 6.0 Fighting
 - Level 8.0 Short Blades
 - Level 8.0 Dodging
 - Level 8.3 Stealth
 - Level 5.0 Spellcasting
 - Level 5.0 Hexes
 + Level 5.8 Invocations


You had 13 spell levels left.
You knew the following spells:

 Your Spells              Type           Power        Failure   Level  Hunger
a - Corona                Hex            ####...      1%          1    None
b - Ensorcelled Hibernat  Hex/Ice        ###...       6%          2    None
c - Confuse               Hex            ####....     4%          3    ##.....

Your spell library contained the following spells:

 Spells                   Type           Power        Failure   Level  Hunger
 Tukima's Dance           Hex            ####....     4%          3    ##.....
 Beastly Appendage        Tmut           #.....       11%         1    None
 Dazzling Spray           Conj/Hex       ###...       12%         3    ##.....
 Shroud of Golubria       Chrm/Tloc      #.........   16%         2    None
 Spider Form              Tmut/Pois      #.........   32%         3    ##.....
 Passage of Golubria      Tloc           N/A          71%         4    ####...


Dungeon Overview and Level Annotations

Branches:
Dungeon (9/15)             Temple (1/1) D:5            Lair (0/6) D:9
    Orc: D:9-12

Altars:
Ashenzari
Cheibriados
Dithmenos
Elyvilon
Fedhas
Gozag
Hepliaklqana
Kikubaaqudgha
Makhleb
Nemelex Xobeh
Okawaru
Qazlal
Ru
Sif Muna
Trog
Uskayaw
Vehumet
Wu Jian
Xom
Yredelemnul
Zin
The Shining One

Annotations:
D:6 2 transporters, dvd's ghost, amateur OpFE
D:8 3 runed doors, magicm's ghost, novice DsCK


Innate Abilities, Weirdness & Mutations

Your natural rate of healing is unusually fast.
You have razor-sharp teeth.
You have supernaturally acute eyesight. (SInv)
You can survive without breathing.


Message History

Casting: Confuse (safe; 4% risk of failure)
Confirm with . or Enter, or press ? or * to list all spells.
Aiming: Confuse (safe; 4% risk of failure)
Press: ? - help, Shift-Dir - straight line, f/p - gargoyle
Aim: a gargoyle, wielding a flail (heavily damaged, chance to defeat MR: 37%)
The gargoyle resists with some effort.
The gargoyle hurls a stone arrow at you.
The stone arrow reflects off an invisible shield around you!
The stone arrow hits the gargoyle.
The gargoyle hurls a stone arrow at you.
The stone arrow misses you.
There is an open door here.
A gargoyle is nearby!
A gargoyle is nearby!
A gargoyle is nearby!
A gargoyle is nearby!
The gargoyle hurls a stone arrow at you.
The stone arrow hits you!
You die...
Your body glows slightly and disappears.

.+,****,*******#..#...##...# #.##
.#,***#..,,,,,.#..#...##...###...
.#,,,,,..#####.#..#...##.....##.#
.#######.......#..#...##....##...
.#..%..#.......#..#...##...##....
.#.....#.......#..#...##...#.....
.#.....#..#....#..#...##......._.
.#.....#.......#..#...##...#.....
.#.....#...)...#@.'...##...##....
.##....#.......#..#...##....##...
###..9.#...9...#..#...##.....##.#
#....#.###...#..#...##.......+.
#....#.# #...9..#...##.......##
#....'.# #...####..)##.........
#....#.# #..........##.........
#....#.###..........##.........
#....#........#.....##.........


You could see a gargoyle.

Vanquished Creatures
  Joseph (D:9)
  Maurice (D:9)
  A troll (D:9)
  Grinder (D:3)
  4 yaks (D:9)
  A hungry ghost (D:8)
  A water moccasin (D:6)
  A sky beast (D:8)
  2 ice beasts
  2 orc warriors (D:6)
  5 ogres
  A phantom (D:4)
  3 bullfrogs
  4 scorpions
  3 killer bees (D:9)
  4 jellies
  A howler monkey (D:9)
  An electric eel (D:6)
  6 crimson imps
  2 quasits
  2 hounds (D:9)
  4 orc priests
  2 orc wizards
  Crazy Yiuf (D:5)
  2 bullfrog skeletons
  Terence (D:2)
  Natasha (twice) (D:3)
  2 iguanas
  6 worker ants
  2 hound skeletons (D:7)
  A worker ant zombie (D:7)
  Robin (D:3)
  18 gnolls
  9 adders
  A shadow imp (D:5)
  An adder zombie (D:4)
  An adder skeleton (D:5)
  2 worms
  A dart slug (D:2)
  4 leopard geckos
  27 orcs
  2 ball pythons
  8 bats
  5 giant cockroaches
  19 goblins
  10 hobgoblins
  18 jackals
  7 quokkas
  6 frilled lizards
  2 jackal skeletons
  10 kobolds
  2 quokka skeletons (D:4)
  7 rats
231 creatures vanquished.

Vanquished Creatures (collateral kills)
  3 yaks (D:9)
  An orc warrior (D:7)
  A sky beast (D:9)
  2 bullfrogs
  A crimson imp (D:8)
  An orc priest (D:7)
  A bullfrog skeleton (D:8)
  2 leopard geckos
12 creatures vanquished.

Vanquished Creatures (others)
  An orc (D:9)
  2 kobolds (Bailey)
  A plant (D:8)
4 creatures vanquished.

Grand Total: 247 creatures vanquished

Notes
Turn   | Place    | Note
-------+----------+-------------------------------------------
     0 | D:1      | dohliylev the Vampire Enchanter began the quest for the
                  | Orb.
     0 | D:1      | Reached XP level 1. HP: 13/13 MP: 3/3
   167 | D:1      | Reached XP level 2. HP: 17/19 MP: 1/5
   254 | D:1      | Reached skill level 5 in Hexes
   258 | D:1      | Learned a level 2 spell: Ensorcelled Hibernation
   391 | D:1      | Reached skill level 5 in Stealth
   582 | D:1      | You fall through a shaft!
   608 | D:2      | Reached XP level 3. HP: 20/24 MP: 0/6
   934 | D:1      | Learned a level 3 spell: Confuse
  1343 | D:2      | Reached XP level 4. HP: 30/30 MP: 7/7
  1485 | D:3      | Noticed Terence
  1502 | D:2      | Killed Terence
  1792 | D:3      | Reached XP level 5. HP: 24/35 MP: 0/8
  1983 | D:3      | Noticed Grinder
  2054 | D:3      | Paralysed by Grinder for 4 turns
  2076 | D:3      | Killed Grinder
  2076 | D:3      | Reached XP level 6. HP: 5/41 MP: 2/9
  2193 | D:3      | Noticed Natasha
  2218 | D:3      | Killed Natasha
  2218 | D:3      | Reached skill level 5 in Short Blades
  2324 | D:3      | Noticed Robin
  2490 | D:3      | Killed Robin
  2710 | D:3      | Noticed Natasha
  2716 | D:3      | Killed Natasha
  3012 | D:4      | Found a shadowy altar of Dithmenos.
  3019 | D:4      | Reached XP level 7. HP: 46/46 MP: 10/10
  3234 | D:4      | Reached skill level 5 in Dodging
  3549 | D:4      | Reached skill level 1 in Fighting
  3760 | D:5      | Entered Level 5 of the Dungeon
  3951 | D:5      | Got a pair of shimmering gloves
  3960 | D:5      | Identified the +0 pair of gloves "Depugumn" {+Blink rF+
                  | Str+3} (You found it on level 5 of the Dungeon)
  3980 | D:5      | Found a staircase to the Ecumenical Temple.
  3983 | D:5      | Reached XP level 8. HP: 54/54 MP: 9/14
  3989 | Temple   | Entered the Ecumenical Temple
  4000 | Temple   | Became a worshipper of Nemelex Xobeh the Trickster
  4452 | D:5      | Reached skill level 5 in Spellcasting
  4535 | D:5      | Received a gift from Nemelex Xobeh
  4891 | D:5      | Found a runed door.
  4895 | D:5      | Noticed Crazy Yiuf
  4899 | D:5      | Killed Crazy Yiuf
  4970 | D:6      | Reached * piety under Nemelex Xobeh
  5096 | D:6      | Found a transporter.
  5320 | D:6      | Reached skill level 5 in Fighting
  5551 | D:6      | Found a transporter.
  5551 | D:6      | Noticed dvd's ghost (amateur OpFE)
  6011 | D:7      | Reached XP level 9. HP: 69/69 MP: 16/16
  6310 | D:7      | Received a gift from Nemelex Xobeh
  6731 | D:7      | You fall through a shaft!
  6758 | D:8      | Found a runed gate.
  6758 | D:8      | Found a runed gate.
  6760 | D:8      | Found a runed gate.
  6760 | D:8      | Noticed a ten-headed hydra
  6762 | D:8      | Noticed magicm's ghost (novice DsCK)
  6961 | D:8      | Received a gift from Nemelex Xobeh
  6987 | D:8      | Reached ** piety under Nemelex Xobeh
  7059 | D:8      | Identified the Tome of Warped Changing
  7362 | D:9      | Found a basalt altar of Yredelemnul.
  7380 | D:9      | Found a flagged portal.
  7408 | Bailey   | Entered a bailey
  7415 | Bailey   | Noticed an orc knight
  7424 | Bailey   | Noticed an orc knight
  7604 | D:9      | Reached skill level 1 in Invocations
  7694 | D:9      | Found a snail-covered altar of Cheibriados.
  7702 | D:9      | Found a shattered altar of Ashenzari.
  7702 | D:9      | Found a glowing silver altar of Zin.
  7703 | D:9      | Found a burning altar of Makhleb.
  7704 | D:9      | Found a shimmering altar of Xom.
  7758 | D:9      | Found a staircase to the Lair.
  7913 | D:9      | Noticed a troll
  7938 | D:9      | Killed a troll
  8037 | D:9      | Reached XP level 10. HP: 76/76 MP: 14/17
  8074 | D:9      | Upgraded the game from 0.22.1-1-ga44c0e5 to
                  | 0.22.1-2-g9c5b331
  8076 | D:9      | Noticed Maurice
  8127 | D:9      | Killed Maurice
  8127 | D:9      | Reached skill level 5 in Invocations
  8303 | D:9      | Noticed Joseph
  8315 | D:9      | Killed Joseph
  8330 | D:9      | Reached *** piety under Nemelex Xobeh
  8353 | D:9      | Noticed a gargoyle
  8399 | D:9      | Killed from afar by a gargoyle

Skill      XL: |  1  2  3  4  5  6  7  8  9 10 |
---------------+-------------------------------+-----
Hexes          | 5 |  5.0
Stealth        | 5 6 7 8 |  8.3
Dodging        | 3 4 5 8 |  8.0
Short Blades   | 2 3 4 5 8 |  8.0
Spellcasting   | 4 5 |  5.0
Fighting       | 1 6 |  6.0
Invocations    | 2 5 |  5.8

Action                   |  1- 3 |  4- 6 |  7- 9 | 10-12 || total
-------------------------+-------+-------+-------+-------++-------
Melee: Dagger            |   124 |   147 |   350 |    36 ||   657
       Bite              |    14 |     6 |    26 |     3 ||    49
 Cast: Corona            |    12 |     1 |     4 |       ||    17
       Ensorcelled Hiber |    24 |    39 |   102 |    18 ||   183
       Confuse           |       |     4 |    22 |     6 ||    32
 Abil: Evoke Blink       |       |       |     1 |       ||     1
Evoke: Wand              |       |     5 |       |       ||     5
       Deck              |       |       |     3 |       ||     3
  Use: Scroll            |     6 |     1 |     5 |       ||    12
       Potion            |       |     1 |     1 |     2 ||     4
 Stab: Sleeping          |    19 |    28 |    82 |     8 ||   137
       Confused          |       |     1 |     9 |     1 ||    11
  Eat: Corpse            |    13 |    10 |     9 |     3 ||    35
Armor: Robe              |    27 |    18 |    43 |     1 ||    89
Dodge: Dodged            |    87 |    65 |   161 |    12 ||   325
Block: Other             |       |    21 |    69 |     5 ||    95
       Reflection        |       |     1 |    20 |     2 ||    23
